 Dungeon Crawl Stone Soup version 0.26.0-8-g74fc34ddfb (webtiles) character file.

Game seed: 2621114108934231212

427 trckry the Insei (level 6, -6/47 HPs)
             Began as a Draconian Transmuter on Jan 12, 2021.
             Mangled by a two-headed ogre
             ... wielding a +0 giant club
              (19 damage)
             ... on level 4 of the Dungeon.
             The game lasted 00:09:12 (4706 turns).

trckry the Insei (Draconian Transmuter)             Turns: 4706, Time: 00:09:12

Health: -6/47      AC:  7    Str: 12    XL:     6   Next: 65%
Magic:  18/18      EV: 12    Int: 15    God:
Gold:   267        SH:  0    Dex: 12    Spells: 8/9 levels left

rFire    . . .     SeeInvis .     - Unarmed
rCold    . . .     Faith    .   (no shield)
rNeg     . . .     Spirit   .   (armour unavailable)
rPois    .         Reflect  .   (helmet restricted)
rElec    .         Harm     .   (no cloak)
rCorr    .         Rampage  .   k - +0 pair of gloves
Will     .....                  (no boots)
Stlth    +.........             (no amulet)
HPRegen  0.15/turn              g - ring of magical power
MPRegen  0.16/turn              (no ring)

@: very slow
A: unfitting armour, cold-blooded, AC +6
a: no special abilities


You were on level 4 of the Dungeon.
You visited 1 branch of the dungeon, and saw 4 of its levels.

You collected 267 gold pieces.

Inventory:

Armour
 k - a +0 pair of gloves (worn)
Jewellery
 g - a ring of magical power (left hand)
Wands
 l - a wand of paralysis (10)
 p - a wand of random effects (15)
Scrolls
 a - a scroll of enchant armour {unknown}
 d - a scroll of fog {unknown}
 f - a scroll of immolation {unknown}
 h - a scroll of blinking {unknown}
 i - 3 scrolls of random uselessness {unknown}
 j - 3 scrolls of magic mapping {unknown}
 n - 2 scrolls of identify {unknown}
 r - a scroll of remove curse {unknown}
Potions
 b - 2 potions of attraction {unknown}
 c - 2 potions of invisibility {unknown}
 e - 2 potions of curing {unknown}
 m - a potion of haste
 o - a potion of might {unknown}
 q - a potion of heal wounds {unknown}
 s - a potion of cancellation {unknown}


   Skills:
 - Level 1.1 Fighting
 - Level 1.7 Dodging
 * Level 5.5 Unarmed Combat
 - Level 2.0 Spellcasting
 * Level 5.0 Transmutations
 + Level 1.7 Evocations


You had 8 spell levels left.
You knew the following spells:

 Your Spells              Type           Power        Failure   Level
a - Beastly Appendage     Tmut           32%          2%          1

Your spell library contained the following spells:

 Spells                   Type           Power        Failure   Level
 Wereblood                Tmut           16%          4%          2
 Spider Form              Tmut/Pois      4%           24%         3
 Blade Hands              Tmut           8%           58%         5
 Ice Form                 Ice/Tmut       9%           61%         4


Dungeon Overview and Level Annotations

Branches:
Dungeon (4/15)
 Temple: D:4-7

Altars:
Xom

Portals:
Sewer: D:4


Innate Abilities, Weirdness & Mutations

Your plain brown scales are hard. (AC +6)
You cannot fit into any form of body armour.
You are cold-blooded and may be slowed by cold attacks.


Message History

The two-headed ogre shouts in stereo!
You hear an angry hiss.
A frilled lizard comes into view.
You hit the two-headed ogre but do no damage.
The two-headed ogre hits you with a +0 giant club.
The two-headed ogre barely misses you.
The two-headed ogre hits you with a +0 giant club!
The two-headed ogre hits you with a cursed -1 giant club!
* * * LOW HITPOINT WARNING * * *
There is a stone staircase leading up, spattered with blood here.
Found an escape hatch in the floor.
You hear the slow rusting of a distant drain.
Found 12 gold pieces and a club.
Found a brown potion.
A rat comes into view.
Found a glowing drain.
You enter the shallow water.
Moving in this stuff is going to be slow.
A worm comes into view.
The two-headed ogre hits you with a +0 giant club!!
You die...

### ######.# ####......#
.# #.........### #.#
##..#...#.....# #.#
#...≈≈≈@O.l.#l#####)#
..#≈≈≈≈r≈≈#......##.#
...≈≈≈≈≈≈≈..#.##.##.#
...≈≈≈∩≈≈≈....##.##.##
#..≈≈≈≈≈≈≈..l........#
..#≈≈≈≈≈≈≈#.###...#..###
#...≈w≈≈≈.......#......#
#..#≈.≈#..##...#....l.#
......#####...l.


You could see a two-headed ogre, a worm, an iguana, a frilled lizard and a rat.

Vanquished Creatures
  A phantom (D:4)
  A scorpion (D:3)
  Jessica (D:3)
  Natasha (thrice) (D:2)
  A killer bee zombie (D:3)
  3 gnolls
  7 adders
  An ooze (D:1)
  An adder skeleton (D:2)
  A worm (D:2)
  2 dart slugs (D:1)
  2 leopard geckos
  6 orcs
  7 bats
  8 goblins
  10 hobgoblins
  3 kobolds
  3 quokkas
  2 frilled lizards
  6 rats
69 creatures vanquished.

Notes
Turn   | Place    | Note
-------+----------+-------------------------------------------
     0 | D:1      | trckry the Draconian Transmuter began the quest for the
                  | Orb.
     0 | D:1      | Reached XP level 1. HP: 16/16 MP: 3/3
    79 | D:1      | Reached XP level 2. HP: 21/23 MP: 5/5
   401 | D:1      | Found a shimmering altar of Xom.
   837 | D:1      | Reached XP level 3. HP: 24/28 MP: 4/6
  1001 | D:1      | HP: 2/28 [poisoned by an adder]
  1438 | D:2      | Reached XP level 4. HP: 21/35 MP: 5/7
  1685 | D:2      | Noticed Natasha
  1699 | D:2      | Killed Natasha
  2113 | D:2      | Noticed Natasha
  2121 | D:2      | Killed Natasha
  2122 | D:2      | Reached XP level 5. HP: 31/40 MP: 8/8
  2305 | D:2      | Noticed Natasha
  2308 | D:2      | Killed Natasha
  3028 | D:3      | HP: 2/40 [killer bee zombie (4)]
  3671 | D:3      | Reached skill level 5 in Unarmed Combat
  3835 | D:3      | Reached skill level 1 in Evocations
  3835 | D:3      | Reached XP level 6. HP: 43/47 MP: 9/9
  3999 | D:3      | Noticed Jessica
  4032 | D:2      | HP: 4/47 [gnoll/+0 halberd (7)]
  4424 | D:3      | Killed Jessica
  4654 | D:4      | Reached skill level 5 in Transmutations
  4667 | D:4      | Noticed a two-headed ogre
  4699 | D:4      | Found a glowing drain.
  4706 | D:4      | Mangled by a two-headed ogre

Illustrated notes

Levels and vault maps discovered:
D:1:      onia_arrival_mini_spirals, layout_loops_ring,
          chequers_serial_rivers_micro_e, xom_teletrap_fun
D:2:      layout_loops_ring, uniq_natasha
D:3:      layout_rooms, uniq_jessica
D:4:      layout_loops_ring, nicolae_overflow_hidden_temple, marbit_many_paths,
          minitemple, cheibrodos_sewer_entry_drain, grunt_decor_arrowhead,
          minmay_fire_ice_demons, uniq_menkaure

Skill      XL: |  1  2  3  4  5  6 |
---------------+-------------------+-----
Transmutations | 3 4 5 |  5.0
Unarmed Combat | 4 5 |  5.5
Evocations     | 1 |  1.7
Fighting       | |  1.1
Dodging        | |  1.7
Spellcasting   | |  2.0

Action                   |  1- 3 |  4- 6 || total
-------------------------+-------+-------++-------
Melee: Unarmed           |   119 |   152 ||   271
       Tailslap          |    15 |    17 ||    32
       Kick              |     9 |    30 ||    39
       Headbutt          |     8 |    11 ||    19
       Punch             |       |     3 ||     3
 Cast: Beastly Appendage |     8 |    22 ||    30
Evoke: Wand              |       |     2 ||     2
 Stab: Sleeping          |     1 |       ||     1
Armor: Skin              |    35 |    37 ||    72
Dodge: Dodged            |    78 |   122 ||   200
